 Dungeon Crawl Stone Soup version 0.30-b1-2-g02819fbbbe (webtiles) character file.

Game seed: 17970737311533464389

7 Barriton the Ruffian (level 1, 0/16 HPs)
             Began as a Draconian Transmuter on May 10, 2023.
             Constricted to death by a ball python (1 damage)
             ... on level 1 of the Dungeon.
             The game lasted 00:00:20 (197 turns).

Barriton the Ruffian (Draconian Transmuter)          Turns: 197, Time: 00:00:21

Health: 0/16       AC:  4    Str: 12    XL:     1   Next: 91%
Magic:  2/3        EV:  9    Int: 13    God:
Gold:   3          SH:  0    Dex: 11    Spells: 3/4 levels left

rFire   . .          .
                       - Unarmed
rCold   . . .        (no shield)
rNeg    . . .        (body armour unavailable)
rPois   .            (helmet restricted)
rElec   .            (no cloak)
rCorr   .            (no gloves)
SInv    .            (no boots)
Will    .....        (no amulet)
Stlth   +            (no ring)
HPRegen 0.22/turn    (no ring)
MPRegen 0.08/turn

%: no passive effects
@: very slightly contaminated, constricted
A: AC +4, unfitting armour, cold-blooded
a: no special abilities


You were on level 1 of the Dungeon.
You visited 1 branch of the dungeon, and saw 1 of its levels.

You collected 3 gold pieces.

Inventory:

Magical Staves
 c - a staff of cold
Scrolls
 b - a scroll of identify {unknown}
Potions
 a - a potion of lignification


   Skills:
 + Level 1.1 Fighting
 + Level 1.8 Dodging
 + Level 3.3 Unarmed Combat
 + Level 2.1 Spellcasting
 + Level 2.1 Transmutations


You had 3 spell levels left.
You knew the following spells:

 Your Spells              Type           Power      Damage    Failure   Level
a - Beastly Appendage     Tmut           12%        N/A       11%         1

Your spell library contained the following spells:

 Spells                   Type           Power      Damage    Failure   Level
 Wereblood                Tmut           6%         N/A       16%         2
 Spider Form              Tmut/Pois      4%         N/A       43%         3
 Ice Form                 Ice/Tmut       4%         N/A       85%         4


Dungeon Overview and Level Annotations

Branches:
Dungeon (1/15)

Altars:

Annotations:
D:1 1 runed translucent door


Innate Abilities, Weirdness & Mutations

Your plain brown scales are hard. (AC +4)
You cannot fit into any form of body armour.
You are cold-blooded and may be slowed by cold attacks.


Message History

The ball python bites you but does no damage.
The ball python constricts you.
You hit the ball python.
The ball python is severely wounded.
The ball python barely misses you. The ball python constricts you.
Your magical contamination has completely faded away.
You barely miss the ball python.
The ball python is severely wounded.
The ball python bites you. The ball python constricts you.
You closely miss the ball python.
The ball python is severely wounded.
The ball python closely misses you. The ball python constricts you.
You barely miss the ball python.
The ball python is severely wounded.
The ball python closely misses you. The ball python constricts you.
* * * LOW HITPOINT WARNING * * *
Casting: Beastly Appendage (safe; 11% risk of failure)
Confirm with . or Enter, or press ? or * to list all spells.
You miscast Beastly Appendage.
You are very lightly contaminated with residual magic.
Nothing appears to happen.
The ball python bites you but does no damage.
The ball python constricts you.
* * * LOW HITPOINT WARNING * * *
You closely miss the ball python.
The ball python is heavily wounded.
The ball python barely misses you. The ball python constricts you.
The ball python bites you but does no damage.
The ball python constricts you.
* * * LOW HITPOINT WARNING * * *
You closely miss the ball python.
The ball python is heavily wounded.
The ball python barely misses you. The ball python constricts you.
You hit the ball python but do no damage.
Your punch misses the ball python.
The ball python is heavily wounded.
The ball python bites you.
* * * LOW HITPOINT WARNING * * *
The ball python constricts you.
You die...

.... #... #..#
..# ... #w#
#S#
#####@######
#..........#
#..........#
#..........#
#..........#
#######'######
..# #.# #.##
#.# ##..# #.#


You could see a dart slug and a ball python.

Vanquished Creatures
  A ball python (D:1)
  2 endoplasms (D:1)
  A goblin (D:1)
  A hobgoblin (D:1)
  A kobold (D:1)
6 creatures vanquished.

Notes
Turn   | Place    | Note
-------+----------+-------------------------------------------
     0 | D:1      | Barriton the Draconian Transmuter began the quest for the
                  | Orb.
     0 | D:1      | Reached XP level 1. HP: 16/16 MP: 3/3
     1 | D:1      | Found a runed translucent door.
   197 | D:1      | Constricted to death by a ball python

Illustrated notes

Levels and vault maps discovered:
D:1:      dpeg_arrival_caged_fury, layout_basic

Action                     || total
---------------------------++-------
  Melee: Unarmed           ||    21
         Kick              ||     2
         Tailslap          ||     2
   Cast: Beastly Appendage ||     3
 Armour: Skin              ||     4
  Dodge: Dodged            ||    12
